 Dungeon Crawl Stone Soup version 0.26-a0-757-g626ac9e51a (webtiles) character file.

Game seed: 2309901359176011658

2 miscthings the Sneak (level 1, -18/20 HPs)
             Began as a Palentonga Delver on Nov 8, 2020.
             Demolished by an ogre
             ... wielding a +0 giant club
              (24 damage)
             ... on level 4 of the Dungeon.
             The game lasted 00:00:18 (231 turns).

miscthings the Sneak (Palentonga Delver)             Turns: 231, Time: 00:00:19

Health: -18/20     AC:  4    Str: 15    XL:     1   Next: 33%
Magic:  1/1        EV:  9    Int: 10    God:
Gold:   28         SH:  0    Dex: 11    Spells: 0/0 levels left

rFire    . . .     SeeInvis +   a - +0 hand axe
rCold    . . .     Faith    .   (no shield)
rNeg     . . .     Spirit   .   b - +0 leather armour
rPois    .         Reflect  .   (no helmet)
rElec    .         Harm     .   (no cloak)
rCorr    .         Rampage  .   (no gloves)
MR       .....                  (no barding)
Stlth    ++........             (no amulet)
HPRegen  0.06/turn              (no ring)
MPRegen  0.07/turn              (no ring)

@: no status effects
A: large, rugged brown scales 3, see invisible, deformed body, roll, armoured
tail
a: Rolling Charge


You were on level 4 of the Dungeon.
You visited 1 branch of the dungeon, and saw 2 of its levels.

You collected 28 gold pieces.

Inventory:

Hand Weapons
 a - a +0 hand axe (weapon)
Armour
 b - a +0 leather armour (worn)
Wands
 g - a wand of digging (3)
Scrolls
 c - a scroll of fog
 d - a scroll of magic mapping
 e - a scroll of fear
Potions
 f - a potion of haste


   Skills:
 - Level 3.0 Fighting
 + Level 2.2 Axes
 - Level 1.5 Dodging
 - Level 3.3 Stealth


You couldn't memorise any spells.
You didn't know any spells.
Your spell library was empty.

Dungeon Overview and Level Annotations

Branches:
Dungeon (5/15)
 Temple: D:4-7

Altars:
Gozag


Innate Abilities, Weirdness & Mutations

You are completely covered in rugged brown scales. (AC +3, +7% HP)
You have supernaturally acute eyesight. (SInv)
Armour fits poorly on your strangely shaped body.
You can roll at foes to attack.
You have a long armoured tail.


Message History

Found an opulent altar of Gozag.
A quokka comes into view.
Roll where?
Press: ? - help, Dir - move target cursor, f/p - ogre
Aim: an ogre, wielding a +0 giant club You roll forward with a clatter of scales!
You slash the ogre!
The ogre is moderately wounded.
A worker ant comes into view.
The ogre barely misses you.
You hit the ogre.
Your tail-slap misses the ogre.
The ogre is heavily wounded.
The ogre hits you with a +0 giant club!
Ouch! That really hurt!
* * * LOW HITPOINT WARNING * * *
You hit the ogre but do no damage.
The ogre is heavily wounded.
The ogre hits you with a +0 giant club!!
Ouch! That really hurt!
You die...

#.# #.# .# #>#
.# #.# .# #.#
.# #.# .# .
#.# .# ._.
#.#####.#.....
#...@O.Br.....
#######.......
..##... #.# .
.# .# #


You could see an ogre, a worker ant and a quokka.

Vanquished Creatures
  A worm (D:5)
1 creature vanquished.

Notes
Turn   | Place    | Note
-------+----------+-------------------------------------------
     0 | D:5      | miscthings the Palentonga Delver began the quest for the
                  | Orb.
     0 | D:5      | Reached XP level 1. HP: 20/20 MP: 1/1
   223 | D:4      | Noticed an ogre
   224 | D:4      | Found an opulent altar of Gozag.
   229 | D:4      | Noticed a worker ant
   231 | D:4      | Demolished by an ogre

Illustrated notes

Levels and vault maps discovered:
D:4:      kennysheep_six_static_rooms, layout_loops_ring,
          overflow_temple_1_default, grunt_dithmenos_smoke_and_mirrors,
          overflow_temple_1_default, minmay_temple_entry_junction_2
D:5:      cheibrodos_iron_armory, layout_basic,
          nemelex_xobeh_ov_fountains_minmay, lemuel_coloured_pillars_altar,
          tso_metal_star, uniq_blork_the_orc

Action                   || total
-------------------------++-------
Melee: Hand axe          ||    10
       Tailslap          ||     3
 Abil: Rolling Charge    ||     1
 Stab: Sleeping          ||     1
Dodge: Dodged            ||     3

Table legend: (Time is in decaauts)
 A = Elapsed time spent in this place.
 B = Non-inter-level travel time spent in this place.
 C = Inter-level travel time spent in this place.
 D = Time resting spent in this place.
 E = Time spent auto-exploring this place.
 F = Levels seen in this place.
 G = Mean time per level.
                   A        B        C        D        E       F      G
               +--------+--------+--------+--------+--------+-----+--------+
         Total |    232 |    213 |     19 |    163 |     24 |   2 |  116.0 |
       Dungeon |    232 |    213 |     19 |    163 |     24 |   2 |  116.0 |
               +--------+--------+--------+--------+--------+-----+--------+

Top non-repeatable levels by time:
     D:4: 179 daAuts
     D:5: 53 daAuts
